 Dungeon Crawl Stone Soup version 0.28.0-43-g3370ac3207 (webtiles) character file.

Game seed: 13064288092836055539

64 H0rd4k the Magician (level 3, 0/17 HPs)
             Began as a Deep Elf Hedge Wizard on Mar 24, 2022.
             Slain by a scorpion (6 damage)
             ... on level 4 of the Dungeon.
             The game lasted 00:05:37 (4708 turns).

H0rd4k the Magician (Deep Elf Hedge Wizard)         Turns: 4708, Time: 00:05:38

Health: 0/17       AC:  2    Str:  7    XL:     3   Next: 91%
Magic:  10/12      EV: 12    Int: 20    God:
Gold:   68         SH:  4    Dex: 14    Spells: 4/13 levels left

rFire   . . .      SeeInvis +   a - +0 dagger
rCold   . . .      Faith    .   (no shield)
rNeg    . . .      Spirit   .   b - +0 robe
rPois   .          Reflect  .   c - +0 hat
rElec   .          Harm     .   (no cloak)
rCorr   .          Rampage  .   (no gloves)
Will    .....                   (no boots)
Stlth   ++........              (no amulet)
HPRegen 0.05/turn               f - ring of see invisible
MPRegen 0.13/turn               (no ring)

@: on blink cooldown
A: large bone plates 1, frail 1
a: no special abilities


You were on level 4 of the Dungeon.
You visited 1 branch of the dungeon, and saw 4 of its levels.

You collected 68 gold pieces.

Inventory:

Hand Weapons
 a - a +0 dagger (weapon)
Armour
 b - a +0 robe (worn)
 c - a +0 hat (worn)
Jewellery
 f - a ring of see invisible (left hand)
Wands
 k - a wand of flame (35)
Scrolls
 d - a scroll of amnesia {unknown}
 g - a scroll of blinking {unknown}
 i - 2 scrolls of identify {unknown}
Potions
 e - a potion of flight {unknown}
 l - a potion of mutation


   Skills:
 + Level 2.8 Dodging
 - Level 2.4 Stealth
 + Level 5.5 Spellcasting
 + Level 2.2 Conjurations
 + Level 1.1 Summonings
 + Level 1.1 Translocations
 * Level 0.3 Fire Magic
 * Level 0.4 Air Magic
 * Level 1.0 Poison Magic


You had 4 spell levels left.
You knew the following spells:

 Your Spells              Type           Power      Damage    Failure   Level
a - Magic Dart            Conj           56%        1d5       4%          1
b - Blink                 Tloc           18%        N/A       11%         2
c - Conjure Flame         Conj/Fire      10%        6-21      19%         3
d - Mephitic Cloud        Conj/Pois/Air  10%        N/A       21%         3

Your spell library contained the following spells:

 Spells                   Type           Power      Damage    Failure   Level
 Pain                     Necr           20%        1d5       11%         1
 Slow                     Hex            20%        N/A       11%         1
 Call Imp                 Summ           9%         N/A       11%         2
 Agony                    Necr           5%         N/A       97%         5
 Excruciating Wounds      Necr           2%         N/A       97%         5


Dungeon Overview and Level Annotations

Branches:
Dungeon (4/15)
 Temple: D:4-7

Altars:

Shops:
D:1 !

Annotations:
D:1 exclusion: 2 downstairs
D:2 exclusion: downstairs


Innate Abilities, Weirdness & Mutations

You are partially covered in large bone plates. (SH +4)
You are frail. (-10% HP)


Message History

Confirm with . or Enter, or press ? or * to list all spells.
The spell is extremely dangerous to miscast (21% risk of failure)!
Continue anyway?
Okay, then.
Unknown command.
Casting: Mephitic Cloud (extremely dangerous; 21% risk of failure)
Confirm with . or Enter, or press ? or * to list all spells.
The spell is extremely dangerous to miscast (21% risk of failure)!
Continue anyway?
Aiming: Mephitic Cloud (extremely dangerous; 21% risk of failure)
Press: ? - help, Shift-Dir - straight line, f - scorpion
Aim: a scorpion (chance to affect: 81%)
The ball explodes into a vile cloud!
The stinking cloud engulfs the scorpion but does no damage.
You feel sick.
The scorpion is engulfed in noxious fumes.
The scorpion appears confused.
* * * LOW HITPOINT WARNING * * *
You feel sick.
The scorpion is engulfed in noxious fumes.
The scorpion appears confused.
* * * LOW HITPOINT WARNING * * *
You feel sick.
The scorpion is engulfed in noxious fumes.
The scorpion appears confused.
* * * LOW HITPOINT WARNING * * *
You feel sick.
It was a potion of mutation.
You feel extremely strange.
You feel frail.
Large bone plates grow over parts of your arms.
* * * LOW HITPOINT WARNING * * *
You feel sick.
It was a potion of magic.
Magic courses through your body.
You feel stable enough to blink again.
* * * LOW HITPOINT WARNING * * *
You feel sick.
You are no longer poisoned.
It was a potion of curing.
You feel better.
Casting: Mephitic Cloud (potentially lethal; 21% risk of failure)
Confirm with . or Enter, or press ? or * to list all spells.
You blink.
The scorpion stings you.
You die...

#<### #########
##########.### #.......#
#............#
#.......###.########.#.#
#<.####.##...# #.#.#
#..#.......#.# #....
#..#.##ยง##...# ###.#
#..#.##s###### #...#
#......@# #.###
####.#### #### #.# #.#
..... #.# #.#### .....
#.# #....# .....J #.#
####.##..!... #.#
#..........[. ...
#............ #.#
#.##.##.#####


You could see a scorpion (confused).

Vanquished Creatures
  12 orcs
  3 ball pythons
  3 endoplasms
  4 hobgoblins (D:1)
  7 kobolds
  3 quokkas
  3 bats
  3 frilled lizards
  6 goblins
  3 rats
47 creatures vanquished.

Notes
Turn   | Place    | Note
-------+----------+-------------------------------------------
     0 | D:1      | H0rd4k the Deep Elf Hedge Wizard began the quest for the
                  | Orb.
     0 | D:1      | Reached XP level 1. HP: 10/10 MP: 7/7
    71 | D:1      | Found Gytru's Distillery.
   525 | D:1      | Reached skill level 5 in Spellcasting
   525 | D:1      | Reached XP level 2. HP: 15/15 MP: 3/10
  1892 | D:2      | Found a faded altar of an unknown god.
  1934 | D:2      | Reached XP level 3. HP: 19/19 MP: 8/12
  1937 | D:2      | Learned a level 2 spell: Blink
  1941 | D:2      | Learned a level 3 spell: Conjure Flame
  1945 | D:2      | Learned a level 3 spell: Mephitic Cloud
  4293 | D:3      | Reached skill level 1 in Poison Magic
  4684 | D:4      | Noticed a scorpion
  4705 | D:4      | Gained mutation: You are frail. (-10% HP) [potion of
                  | mutation]
  4705 | D:4      | Gained mutation: You are partially covered in large bone
                  | plates. (SH +4) [potion of mutation]
  4708 | D:4      | Slain by a scorpion

Illustrated notes

Levels and vault maps discovered:
D:1:      dpeg_arrival_three_same_balls, layout_basic, serial_shops,
          nicolae_shop_hallway_stairs
D:2:      layout_basic, ebering_ecumenical_altar_mist
D:3:      layout_rooms, minmay_misc_feat_alley, wad_orctagon
D:4:      layout_loops_cross, serial_shops, shop_coins

Skill      XL: |  1  2  3 |
---------------+----------+-----
Spellcasting   | 5 |  5.5
Conjurations   | 2 |  2.2
Poison Magic   | 1 |  1.0
Dodging        | |  2.8
Stealth        | |  2.4
Summonings     | |  1.1
Translocations | |  1.1
Fire Magic     | |  0.3
Air Magic      | |  0.4

Action                   || total
-------------------------++-------
 Cast: Magic Dart        ||   171
       Blink             ||     4
       Conjure Flame     ||     2
       Mephitic Cloud    ||     1
  Use: Potion            ||     3
Armor: Robe              ||    11
Dodge: Dodged            ||    37
